 Dungeon Crawl Stone Soup version 0.21.1-1-g345015f (webtiles) character file.

33 inc the Conjurer (level 3, 14/14 HPs)
             Began as a Felid Venom Mage on Mar 4, 2018.
             Quit the game on level 2 of the Dungeon.
             The game lasted 00:09:20 (2576 turns).

inc the Conjurer (Felid Venom Mage)                 Turns: 2576, Time: 00:09:20

Health: 14/14      AC:  1    Str:  4    XL:     3   Next: 12%
Magic:  7/7        EV: 18    Int: 17    God:
Gold:   112        SH:  0    Dex: 16    Spells: 5/6 levels left
                                        Lives:  0   Deaths: 1

rFire    . . .     SeeInvis +   (weapon unavailable)
rCold    . . .     Gourm    .   (shield unavailable)
rNeg     . . .     Faith    .   (armour unavailable)
rPois    .         Spirit   .   (helmet unavailable)
rElec    .         Reflect  .   (cloak unavailable)
rCorr    .         Harm     .   (gloves unavailable)
MR       .....                  (boots unavailable)
Stlth    +++.......             (no amulet)
HPRegen  0.04/turn              (no ring)
MPRegen  0.10/turn              (no ring)

@: quick
A: very small, no armour, no weapons or thrown items, stealth, claws 1, fangs 3,
see invisible, carnivore, speed 1, shaggy fur 1, slow metabolism 1, sharp paws
a: no special abilities


You were on level 2 of the Dungeon.
You were not hungry.

You visited 1 branch of the dungeon, and saw 3 of its levels.

You collected 112 gold pieces.

Inventory:

Scrolls
 c - a scroll of blinking {unknown}
 f - a scroll of teleportation {unknown}
 j - a scroll of amnesia {unknown}
Potions
 d - a potion of flight {unknown}
 e - a potion of degeneration {unknown}
 g - a potion of heal wounds {unknown}
 h - a potion of mutation {unknown}
 i - a potion of brilliance {unknown}
Books
 a - a Young Poisoner's Handbook

   Spells                             Type                      Level
   a - Sting                          Conjuration/Poison           1
   b - Poisonous Vapours              Poison/Air                   2
   c - Mephitic Cloud                 Conjuration/Poison/Air       3
   d - Olgreb's Toxic Radiance        Poison                       4
   e - Venom Bolt                     Conjuration/Poison           5
Comestibles
 b - 4 rations


   Skills:
 - Level 2.6 Dodging
 - Level 2.6 Stealth
 - Level 2.0 Spellcasting
 + Level 3.6 Conjurations
 - Level 2.6 Poison Magic


You had 5 spell levels left.
You knew the following spells:

 Your Spells              Type           Power        Failure   Level  Hunger
a - Sting                 Conj/Pois      ##..         5%          1    #......


Dungeon Overview and Level Annotations

Branches:
Dungeon (3/15)

Altars:

Annotations:
D:2 Robin
D:3 Purgy


Innate Abilities, Weirdness & Mutations

You cannot wear armour.
You are incapable of wielding weapons or throwing items.
Your paws allow you to move quietly. (Stealth)
You have sharp claws.
You have razor-sharp teeth.
You have supernaturally acute eyesight. (SInv)
You are carnivorous and can eat meat at any time.
You cover ground quickly.
You are covered in fur. (AC +1)
You have a slow metabolism.
Your sharp claws are effective at attacking unaware monsters.


Message History

Aiming: Sting
Press: ? - help, Shift-Dir - straight line, f/p - orc wizard
Aim: an orc wizard, wielding a dagger and wearing a robe (moderately wounded, fast)
The sting hits the orc wizard.
The orc wizard appears unharmed.
The orc wizard is moderately wounded.
The orc wizard hits you with a dagger.
Casting: Sting
Confirm with . or Enter, or press ? or * to list all spells.
Aiming: Sting
Press: ? - help, Shift-Dir - straight line, f/p - orc wizard
Aim: an orc wizard, wielding a dagger and wearing a robe (moderately wounded, fast)
The sting misses the orc wizard.
The orc wizard points at you and mumbles some strange words.
The puff of frost hits you!
Ouch! That really hurt!
You die...
The orc wizard barely misses you.
You are now level 3!
You rejoin the land of the living...
Are you sure you want to abandon this character and quit the game? (Confirm with "yes".)

##..[#.##......#..# #.#
#......##.....##..####.#
#..................w...###
....#.....#.....##.......).(
.## ###........w....########
#.......####### ##....###
##.#.# ##### #####..@# ....
........# $.. ######..#####
..# #.......# ..# #...###(#
######## ###..# ##.......#
#....... )....# ........##.#
#.###### ##)### ####.#..##.#
#.# #<# #(#..##.#####.#


There were no monsters in sight!

Vanquished Creatures
  An adder (D:2)
  A worm (D:2)
  A dart slug (D:2)
  2 leopard geckos
  2 ball pythons
  5 bats
  3 giant cockroaches
  21 goblins
  7 hobgoblins
  2 jackals (D:2)
  6 frilled lizards
  2 kobolds (D:1)
  2 rats (D:1)
55 creatures vanquished.

Notes
Turn   | Place    | Note
-------+----------+-------------------------------------------
     0 | D:1      | inc the Felid Venom Mage began the quest for the Orb.
     0 | D:1      | Reached XP level 1. HP: 7/7 MP: 4/4
    46 | D:1      | Reached skill level 1 in Conjurations
   285 | D:1      | Reached XP level 2. HP: 4/11 MP: 1/6
   544 | D:1      | Reached skill level 2 in Conjurations
   935 | D:1      | Reached XP level 3. HP: 14/14 MP: 1/7
  1101 | D:2      | Noticed Robin
  1270 | D:2      | Reached skill level 3 in Conjurations
  2133 | D:2      | Reached XP level 4. HP: 18/18 MP: 4/8
  2569 | D:3      | Noticed an orc warrior
  2571 | D:3      | Noticed Purgy
  2575 | D:2      | Killed from afar by an orc wizard
  2576 | D:2      | Reached XP level 3. HP: -5/14 MP: 4/7
  2576 | D:2      | Quit the game

Skill      XL: |  1  2  3 |
---------------+----------+-----
Conjurations   | 1 2 3 |  3.6
Dodging        | |  2.6
Stealth        | |  2.6
Spellcasting   | |  2.0
Poison Magic   | |  2.6

Action                   |  1- 3 |  4- 6 || total
-------------------------+-------+-------++-------
Melee: Unarmed           |     8 |     3 ||    11
       Bite              |     1 |       ||     1
 Cast: Sting             |    94 |    22 ||   116
 Stab: Sleeping          |     4 |       ||     4
  Eat: Chunk             |     2 |     1 ||     3
Armor: Skin              |     2 |     2 ||     4
Dodge: Dodged            |    39 |    16 ||    55
